 Dungeon Crawl Stone Soup version 0.18-a0-844-g9229740 (webtiles) character file.

3852 deanyohobro the Cleaver (level 9, 0/81 HPs)
             Began as a Deep Dwarf Fighter on Dec 18, 2015.
             Was a Follower of Makhleb.
             Slain by Erolcha
             ... wielding a +0 giant club
              (28 damage)
             ... on level 8 of the Dungeon.
             The game lasted 00:22:40 (5223 turns).

deanyohobro the Cleaver (Deep Dwarf Fighter)        Turns: 5223, Time: 00:22:40

Health: 0/81       AC: 11    Str: 26    XL:     9   Next: 99%
Magic:  9/9        EV: 12    Int:  9    God:    Makhleb [*.....]
Gold:   176        SH: 11    Dex: 12    Spells: 0 memorised, 8 levels left

rFire  + . .     SeeInvis .     a - +0 war axe
rCold  . . .     Gourm    .     l - +4 ring mail
rNeg   . . .     Faith    .     c - +0 shield
rPois  .         Spirit   .     (no helmet)
rElec  .         Dismiss  .     (no cloak)
rCorr  .         Reflect  .     s - +0 pair of gloves
SustAt .         Harm     .     (no boots)
MR     +....                    (no amulet)
Stlth  +.........               m - +3 ring of strength
                                o - ring of protection from fire

@: non-regenerating, somewhat resistant to hostile enchantments, very unstealthy
A: damage resistance, recharge devices, sense surroundings 2, slow regeneration
3
a: Device Recharging, Renounce Religion


You were on level 8 of the Dungeon.
You worshipped Makhleb.
Makhleb was aware of your devotion.
You were hungry.

You visited 2 branches of the dungeon, and saw 9 of its levels.

You collected 272 gold pieces.
You spent 96 gold pieces at shops.

Inventory:

Hand Weapons
 a - a +0 war axe (weapon)
Armour
 c - a +0 shield (worn)
 d - a +0 robe of magic resistance
 l - a +4 ring mail (worn)
 s - a +0 pair of gloves (worn)
Jewellery
 m - a +3 ring of strength (right hand)
 o - a ring of protection from fire (left hand)
Wands
 e - a wand of heal wounds (0)
 u - a wand of heal wounds (1)
 y - a wand of random effects (23)
 C - a wand of slowing (23)
Scrolls
 b - 3 scrolls of teleportation
 i - 3 scrolls of remove curse
 k - a scroll of fog
 n - 3 scrolls of amnesia
 q - 7 scrolls of identify
Potions
 g - a potion of magic {unknown}
 h - 4 potions of curing
 j - a potion of lignification {unknown}
 t - 2 potions of invisibility {unknown}
 v - 2 potions of heal wounds
 A - a potion of resistance {unknown}
 B - a potion of might
Miscellaneous
 w - a phial of floods (inert)
Comestibles
 f - 3 bread rations
 p - 3 slices of pizza
 r - 2 beef jerkies
 x - a meat ration


   Skills:
 + Level 5.1 Fighting
 * Level 10.5 Axes
 + Level 6.5 Armour
 + Level 5.2 Dodging
 - Level 7.9 Shields


You had 8 spell levels left.
You didn't know any spells.

Dungeon Overview and Level Annotations

Branches:
Dungeon (9/15)             Temple (1/1) D:5
   Lair: D:8-11         Orc: D:9-12

Altars:
Ashenzari
Cheibriados
Dithmenos
Elyvilon
Fedhas
Gozag
Kikubaaqudgha
Makhleb
Nemelex Xobeh
Okawaru
Pakellas
Qazlal
Ru
Sif Muna
Trog
Vehumet
Xom
Yredelemnul
Zin
The Shining One

Shops:
D:4 !

Annotations:
D:8 Erolcha


Innate Abilities, Weirdness & Mutations

You are resistant to damage.
You can recharge devices by infusing magical energy.
You passively map the area around you.
You do not regenerate naturally.


Message History

Your water elemental hits something.
You hear some strange, mumbled words.
A puff of flame appears from out of thin air!
The puff of flame hits your water elemental.
Your water elemental is burned terribly!
Your water elemental is engulfed in a cloud of scalding steam.
Your water elemental is destroyed!
You block its attack.
You barely miss something. Something hits you.
You hit something but do no damage. You closely miss something.
Something hits you!
You slash something! Something hits you!!
* * * LOW HITPOINT WARNING * * *
You hit something but do no damage. Something hits you!
* * * LOW HITPOINT WARNING * * *
Evoke which item? (* to show all) (? for menu, Esc to quit)
Zapping:
u - a wand of heal wounds (2)
Press: ? - help, Shift-Dir - straight line, f - you You feel much better.
This wand has 1 charge left.
Something hits you!!
You die...

, ** ##'##
#.# ,*
########.##
#.# * ,,
*#.........#
#.. , *
#.####....#
### * *, #.#
#.###.##
#.#####.##.#
##.##
#..≈≈≈....#
##.######
#######{#.#
#....... *
#@#.##
##.######
#.##.##
##.##
#.....###.##
######...##
#####


There were no monsters in sight!

Vanquished Creatures
  The ghost of M4edhros the Covert, a novice OpAr (D:6)
  The ghost of JokEr the Insei, an amateur OpTm (D:4)
  12 yaks (D:9)
  Duvessa (D:4)
  An orc warrior (D:4)
  A necrophage (D:6)
  An ice beast (D:6)
  A phantom (D:6)
  2 giant frogs (D:6)
  A jelly (D:9)
  Dowan (D:4)
  A scorpion (D:6)
  A water moccasin skeleton (D:8)
  2 crimson imps
  5 hounds
  2 giant frog skeletons
  An orc priest (D:4)
  2 orc wizards
  An iguana (D:6)
  2 worker ants (D:5)
  A killer bee zombie (D:6)
  13 adders
  11 gnolls
  A shadow imp (D:8)
  2 oozes
  An adder zombie (D:6)
  5 worms
  2 giant geckos
  8 orcs
  9 bats
  7 giant cockroaches
  6 hobgoblins
  2 ball pythons
  A giant cockroach zombie (D:5)
  A giant gecko zombie (D:5)
  5 giant newts
  4 goblins
  2 goblin skeletons (D:4)
  A hobgoblin zombie (D:4)
  5 kobolds
  2 kobold skeletons (D:4)
  2 kobold zombies (D:4)
  2 orc skeletons (D:4)
  12 rats
145 creatures vanquished.

Notes
Turn   | Place    | Note
--------------------------------------------------------------
     0 | D:1      | deanyohobro the Deep Dwarf Fighter began the quest for the Orb.
     0 | D:1      | Reached XP level 1. HP: 20/20 MP: 1/1
   203 | D:1      | Reached XP level 2. HP: 27/27 MP: 2/2
   218 | D:1      | Found a shattered altar of Ashenzari.
   801 | D:1      | Reached skill level 4 in Shields
   843 | D:2      | Reached XP level 3. HP: 30/33 MP: 3/3
   910 | D:2      | Found a snail-covered altar of Cheibriados.
   986 | D:2      | Reached XP level 4. HP: 16/40 MP: 4/4
  1689 | D:3      | Reached skill level 5 in Shields
  1793 | D:3      | Reached XP level 5. HP: 26/46 MP: 5/5
  2902 | D:4      | Found Askoydgh's Distillery.
  2936 | D:4      | Bought a potion of curing for 36 gold pieces
  2936 | D:4      | Bought a potion of heal wounds for 60 gold pieces
  2955 | D:4      | Reached XP level 6. HP: 34/55 MP: 6/6
  3096 | D:4      | Noticed JokEr's ghost (amateur OpTm)
  3104 | D:4      | Reached skill level 6 in Shields
  3109 | D:4      | Killed JokEr's ghost
  3109 | D:4      | Reached skill level 5 in Axes
  3112 | D:4      | Reached XP level 7. HP: 35/61 MP: 7/7
  3115 | D:4      | Reached skill level 7 in Shields
  3308 | D:4      | Found a glowing golden altar of the Shining One.
  3423 | D:4      | Noticed Dowan
  3424 | D:4      | Noticed Duvessa
  3432 | D:4      | Killed Duvessa
  3448 | D:4      | Killed Dowan
  3705 | D:5      | Entered Level 5 of the Dungeon
  3706 | D:5      | Found a staircase to the Ecumenical Temple.
  3851 | Temple   | Entered the Ecumenical Temple
  3975 | Temple   | Became a worshipper of Makhleb the Destroyer
  4249 | D:5      | Reached XP level 8. HP: 45/68 MP: 8/8
  4504 | D:6      | Found a shadowy altar of Dithmenos.
  4516 | D:6      | Reached skill level 1 in Dodging
  4618 | D:6      | Reached skill level 8 in Axes
  4642 | D:6      | Noticed M4edhros's ghost (novice OpAr)
  4658 | D:6      | Killed M4edhros's ghost
  4658 | D:6      | Reached * piety under Makhleb
  4702 | D:6      | Reached skill level 5 in Armour
  4702 | D:6      | Gained mutation: You passively map the area around you. [Deep Dwarf growth]
  4702 | D:6      | Reached XP level 9. HP: 46/77 MP: 9/9
  4727 | D:6      | You fall through a shaft for 3 floors!
  4733 | D:9      | Reached skill level 9 in Axes
  4804 | D:9      | Reached skill level 10 in Axes
  4815 | D:9      | Reached skill level 5 in Fighting
  4815 | D:9      | Reached skill level 5 in Dodging
  5206 | D:8      | Noticed Erolcha
  5222 | D:8      | HP: 3/81 [something (15)]
  5223 | D:8      | Slain by Erolcha

Vault maps used:
D:1:      dpeg_arrival_boxorama, nicolae_ashenzari_panopticon
D:2:      cheibriados_altar_1
D:3:      portal_sewer_entry_d
D:4:      serial_shops, nicolae_shop_trees, first_bread, minmay_misc_feat_tower,
          minivault_4, minmay_item_behind_shaft, nicolae_tso_besieged_by_evil,
          uniq_duvessa
D:5:      minmay_temple_entry_statues, serial_corexii_hall,
          corexii_hall_statues_x, corexii_hall_statues_l
D:6:      nicolae_dithmenos_through_a_glass_darkly, basic_altar, serial_shops,
          kennysheep_little_box
D:8:      blue_anna_alchemist, lightli_church_of_beogh, uniq_prince_ribbit1,
          uniq_erolcha
D:9:      serial_shops, shop, minivault_27
Temple:   kilobyte_greek_temple_18

Action                   |  1- 3 |  4- 6 |  7- 9 || total
-------------------------+-------+-------+-------++-------
Melee: War axe           |    69 |   179 |   263 ||   511
Evoke: Wand              |       |     3 |     9 ||    12
       Phial of floods   |       |       |     1 ||     1
  Use: Scroll            |     3 |     5 |     2 ||    10
       Potion            |       |     1 |     1 ||     2
  Eat: Chunk             |       |     7 |     7 ||    14
